 Dungeon Crawl Stone Soup version 0.31-a0-851-g7ff8af7976 (webtiles) character file.

Game seed: 14329795311300980499

1662 BinkBink the Blocker (level 8, 0/71 HPs)
             Began as a Minotaur Fighter on Oct 7, 2023.
             Was a Believer of the Shining One.
             Slain by a gnoll
             ... wielding a +0 halberd
             ... led by a gnoll sergeant
              (4 damage)
             ... on level 7 of the Dungeon.
             The game lasted 00:07:24 (5561 turns).

BinkBink the Blocker (Minotaur Fighter)             Turns: 5561, Time: 00:07:24

Health: 0/71       AC: 12    Str: 20 (22) XL:     8   Next: 69%
Magic:  7/7        EV:  6    Int:  4 (5)  God:    the Shining One [**....]
Gold:   348        SH:  5    Dex: 10 (11) Spells: 7/7 levels left

rFire   . . .        a - +0 long sword
rCold   . . .        c - +0 buckler
rNeg    + . .        l - +0 plate armour
rPois   .            (helmet restricted)
rElec   .            (no cloak)
rCorr   .            (no gloves)
SInv    .            (no boots)
Will    .....        (no amulet) Stlth
                     (no ring)
HPRegen 0.31/turn    (no ring)
MPRegen 0.10/turn

%: no passive effects
@: glowing
A: horns 2, retaliatory headbutt
a: Renounce Religion, Divine Shield


You were on level 7 of the Dungeon.
You worshipped the Shining One.
The Shining One was pleased with you.
You visited 1 branch of the dungeon, and saw 8 of its levels.

You collected 348 gold pieces.

Inventory:

Hand Weapons
 a - a +0 long sword (weapon)
 p - the +5 rapier of Friendship {antimagic, rF- rN+++ Dex+8 Stlth-}
   (You found it on level 6 of the Dungeon)

   Dex+8:     It affects your dexterity (+8).
   rF-:       It makes you vulnerable to fire.
   rN+++:     It renders you almost immune to negative energy.
   Stlth-:    It makes you less stealthy.
Armour
 c - a +0 buckler (worn)
 l - a +0 plate armour (worn)
Jewellery
 n - a ring of ice
Wands
 b - a wand of charming (39)
Scrolls
 e - 4 scrolls of teleportation {unknown}
 f - a scroll of fog {unknown}
 g - a scroll of fear {unknown}
 i - 2 scrolls of identify {unknown}
 j - 3 scrolls of silence
 o - 2 scrolls of vulnerability {unknown}
Potions
 d - 5 potions of might
 h - a potion of resistance
 k - a potion of degeneration


   Skills:
 + Level 6.3 Fighting
 * Level 8.1 Long Blades
 + Level 6.4 Armour
 * Level 8.6 Shields


You had 7 spell levels left.
You didn't know any spells.
Your spell library contained the following spells:

 Spells                   Type           Power      Damage    Failure   Level
 Sting                    Tmut/Pois      0%         1d3       100%        1
 Poisonous Vapours        Pois/Air       0%         N/A       100%        2
 Stone Arrow              Conj/Erth      0%         3d7       100%        3
 Animate Armour           Summ/Erth      0%         N/A       100%        4
 Olgreb's Toxic Radiance  Pois           0%         N/A       100%        4
 Passage of Golubria      Tloc           0%         N/A       100%        4
 Silence                  Hex/Air        0%         N/A       100%        5
 Lehudib's Crystal Spear  Conj/Erth      0%         10d2      100%        8


Dungeon Overview and Level Annotations

Branches:
Dungeon (8/15)
 Temple: D:4-7         Lair: D:8-11

Altars:
Ashenzari
Qazlal
Uskayaw
The Shining One

Annotations:
D:8 Grum


Innate Abilities, Weirdness & Mutations

You have a pair of horns on your head.
You reflexively headbutt those who attack you in melee.


Message History

The kobold throws a stone.
The stone hits you.
Found a stone staircase leading up.
The gnoll attacks as it pursues you!
The gnoll hits you but does no damage. 2 gnolls, an orc and an iguana come into view.
A gnoll is wielding a +0 flail.
Found a dagger.
The gnoll shouts!
The orc shouts!
The iguana hisses angrily.
The kobold throws a stone.
The stone hits you but does no damage.
A gnoll comes into view. It is wielding a +0 club.
The gnoll throws a throwing net.
The throwing net hits you.
You become entangled in the net!
You see here a throwing net.
You tear a large gash into the net.
The gnoll shouts!
The gnoll hits you with a +0 flail.
You shred the net and break free! The gnoll sergeant barely misses you.
The gnoll hits you with a +0 flail.
Found a stone staircase leading up.
The gnoll completely misses you. The gnoll hits you but does no damage.
The gnoll throws a throwing net.
The throwing net hits you.
You become entangled in the net!
You see here a throwing net.
You struggle against the net.
The iguana bites you but does no damage.
The gnoll hits you from afar with a +0 halberd!
You struggle against the net.
The gnoll hits you but does no damage.
The iguana bites you but does no damage.
The gnoll sergeant hits you but does no damage.
You writhe in agony.
The gnoll barely misses you.
You rip the net and break free!
The gnoll hits you with a +0 flail!
* * * LOW HITPOINT WARNING * * *
You block the iguana's attack. The gnoll hits you with a +0 club.
* * * LOW HITPOINT WARNING * * *
The gnoll sergeant hits you from afar with a +7 spear of pain!
* * * LOW HITPOINT WARNING * * *
You writhe in agony.
* * * LOW HITPOINT WARNING * * *
A gnoll comes into view. It is wielding a +0 spear.
The gnoll hits you from afar with a +0 halberd.
You die...

#..............#......
.#.........##...........
.........K##...........
.##........##....#<.....
...........##...........
.........)g##...g.......
###........KKo#g.......
.##.......K###gglg......
....†..........#@####.#
.##.......####.#........
###.####.#.........##...
#..................<.
...####.............#.
....†.........##..... #
.............. ...####
.........#... ...+
...........


You could see a kobold brigand, a gnoll sergeant, an iguana, 5 gnolls, an orc
and a kobold.

Vanquished Creatures
  Sigmund (D:3)
  Eustachio (D:4)
  Menkaure (D:4)
  A black bear (D:5)
  2 ogres
  A wolf (D:8)
  2 phantoms
  4 bullfrogs
  A gnoll sergeant (D:4)
  2 hounds (D:5)
  A jelly (D:4)
  2 orc priests (D:3)
  A sleepcap (D:5)
  Ijyb (D:3)
  Robin (D:3)
  5 adders
  5 gnolls
  2 white imps
  3 worms (D:4)
  6 dart slugs
  5 orcs
  9 ball pythons
  5 bats
  10 endoplasms
  2 giant cockroaches
  13 hobgoblins
  6 jackals (D:3)
  3 quokkas
  2 frilled lizards
  13 goblins
  6 kobolds
  3 rats
120 creatures vanquished.

Notes
Turn   | Place    | Note
-------+----------+-------------------------------------------
     0 | D:1      | BinkBink the Minotaur Fighter began the quest for the Orb.
     0 | D:1      | Reached XP level 1. HP: 19/19 MP: 0/0
   115 | D:1      | Reached XP level 2. HP: 19/27 MP: 1/1
   470 | D:1      | Found a faded altar of an unknown god.
   484 | D:1      | Prayed at the altar of an unknown god.
   484 | D:1      | Became a worshipper of the Shining One
   484 | D:1      | Reached * piety under the Shining One
   555 | D:2      | Reached XP level 3. HP: 33/33 MP: 2/2
  1383 | D:3      | Reached XP level 4. HP: 20/40 MP: 3/3
  1490 | D:3      | Reached ** piety under the Shining One
  1640 | D:3      | Noticed Sigmund
  1645 | D:3      | Killed Sigmund
  1646 | D:3      | Reached skill level 5 in Shields
  1646 | D:3      | Reached XP level 5. HP: 38/47 MP: 4/4
  1646 | D:3      | Reached XP level 6. HP: 43/53 MP: 5/5
  1798 | D:3      | Found a glowing golden altar of the Shining One.
  1820 | D:3      | Found a broken altar of Ashenzari.
  1972 | D:3      | Noticed Ijyb
  1982 | D:3      | Killed Ijyb
  1983 | D:3      | Reached skill level 5 in Long Blades
  2043 | D:3      | Found a hide-covered altar of Uskayaw.
  2080 | D:3      | Identified the +2 helmet of the Game of Life {rF+}
  2080 | D:3      | Noticed Robin
  2103 | D:3      | Killed Robin
  2968 | D:4      | Reached skill level 5 in Armour
  3175 | D:4      | Reached skill level 5 in Fighting
  3215 | D:4      | Reached XP level 7. HP: 54/61 MP: 6/6
  3584 | D:4      | Noticed Menkaure
  3713 | D:4      | Killed Menkaure
  3798 | D:4      | Noticed Eustachio
  3812 | D:4      | Killed Eustachio
  3995 | D:5      | Entered Level 5 of the Dungeon
  4322 | D:5      | Reached XP level 8. HP: 30/70 MP: 7/7
  4654 | D:5      | Identified the +1 pair of boots of Dishonour {Str+3 Stlth-}
  5120 | D:6      | Identified the +5 rapier of Friendship {antimagic, rF-
                  | rN+++ Dex+8 Stlth-}
  5146 | D:6      | You fall into a shaft and drop 2 floors!
  5172 | D:8      | Found a stormy altar of Qazlal.
  5235 | D:8      | HP: 2/70 [bullfrog (3)]
  5236 | D:8      | Noticed Grum
  5561 | D:7      | Slain by a gnoll

Illustrated notes

Levels and vault maps discovered:
D:1:      amcnicky_arrival_double_pillar, layout_rooms, serial_glass,
          glass_columns_a, glass_columns_a, due_unseen_surprise,
          feat_on_display, minmay_strange_pillars,
          hellmonk_ecumenical_altar_defaced_shrine
D:2:      layout_loops_ring, minmay_indecisive_spiral
D:3:      layout_basic, mainiacjoe_overflow_surrounded_room,
          nicolae_overflow_crystal_walls, nicolae_uskayaw_dance_hall,
          uniq_sigmund, uniq_ijyb, uniq_robin
D:4:      layout_basic, uniq_menkaure, uniq_eustachio
D:5:      layout_basic
D:6:      layout_rooms, temple_hall, minmay_misc_feat_x,
          chequers_serial_rivers_marsh, minmay_puff
D:7:      layout_basic, lemuel_round_altar, chequers_garden
D:8:      layout_basic, old_standard_altar, lair_entry_dummy,
          minmay_misc_feat_roman, uniq_grum, uniq_gastronok

Skill      XL: |  1  2  3  4  5  6  7  8 |
---------------+-------------------------+-----
Shields        | 4 5 6 7 8 |  8.6
Long Blades    | 3 4 5 6 8 |  8.1
Fighting       | 4 5 6 |  6.3
Armour         | 4 5 6 |  6.4

Action                     |  1- 3 |  4- 6 |  7- 9 || total
---------------------------+-------+-------+-------++-------
  Melee: Long sword        |    95 |   126 |   120 ||   341
         Headbutt          |    19 |    24 |    38 ||    81
    Use: Potion            |       |     2 |     3 ||     5
         Scroll            |       |       |     1 ||     1
 Armour: Scale mail        |    50 |       |       ||    50
         Plate armour      |    26 |    97 |   148 ||   271
         Skin              |       |     3 |       ||     3
  Dodge: Dodged            |    47 |    27 |    42 ||   116
  Block: Buckler           |    24 |    31 |    38 ||    93

Table legend: (Time is in decaauts)
 A = Elapsed time spent in this place.
 B = Non-inter-level travel time spent in this place.
 C = Inter-level travel time spent in this place.
 D = Time resting spent in this place.
 E = Time spent auto-exploring this place.
 F = Levels seen in this place.
 G = Mean time per level.
                   A        B        C        D        E       F      G
               +--------+--------+--------+--------+--------+-----+--------+
         Total |   5585 |   5445 |    140 |    399 |   4079 |   8 |  698.1 |
       Dungeon |   5585 |   5445 |    140 |    399 |   4079 |   8 |  698.1 |
               +--------+--------+--------+--------+--------+-----+--------+

Top non-repeatable levels by time:
     D:3: 1472 daAuts
     D:4: 1218 daAuts
     D:5: 1068 daAuts
     D:2: 806 daAuts
     D:1: 536 daAuts
     D:7: 295 daAuts
     D:8: 101 daAuts
     D:6: 86 daAuts
